AoeStats
← Monkey

MegaRandom

506651466Analyzed
1v1 RM · 19d ago on Sep 14, 2026· 69m 15s· 2 players
Game mode
Random Map
Map size
Tiny (2 player)
Population
200
Speed
Normal
Resources
Standard
Victory
Conquest
Starting age
Dark Age
Ending age
Imperial Age
RankedLock teamsTeams togetherTeam positionsShared explorationLock speedFull tech treeHidden civsTurbo modeCheats
Victory
Defeat
🇨🇳 Maya · China
365
+16
🇧🇷 Maya · Brazil
363
-16
Monkey
13:41 Loom
18:03 Feudal Age
19:00 Horse Collar
28:33 Town Watch
39:25 Castle Age
41:48 Ballistics
44:05 Imperial Age
41:36 Town Patrol
42:05 Double-Bit Axe
42:26 Heavy Plow
42:46 Thumb Ring
44:09 Fortified Wall
43:56 Murder Holes
44:25 Hul'che Javelineers
45:50 Chemistry
44:51 Murder Holes
46:06 Fletching
46:17 Padded Archer Armor
48:26 Bow Saw
57:17 Two-Man Saw
56:53 Crop Rotation
57:13 Wheelbarrow
60:59 Gold Mining
带投大哥
0:28 Loom
11:18 Feudal Age
11:53 Double-Bit Axe
11:52 Fishing Lines
12:49 Gold Mining
12:50 Stone Mining
14:02 Town Watch
14:52 Wheelbarrow
19:44 Castle Age
19:33 Padded Archer Armor
20:30 Fletching
20:59 Hand Cart
20:49 Town Patrol
21:03 Bow Saw
22:22 Gillnets
25:24 Horse Collar
32:21 Imperial Age
30:30 Stone Shaft Mining
30:14 Medium Warships
30:08 Scale Mail Armor
29:53 Treadmill Crane
31:11 Hul'che Javelineers
31:24 Careening
31:24 Clinker Construction
31:56 Bodkin Arrow
32:59 Ballistics
32:33 Heated Shot
33:01 Forging
33:30 Murder Holes
33:47 Fortified Wall
33:27 Guard Tower
34:16 Bracer
34:44 Conscription
35:22 Masonry
36:26 Chemistry
35:41 Fervor
35:46 Block Printing
35:32 Atonement
35:33 Devotion
37:05 Two-Man Saw
36:37 Heavy Warships
38:33 Leather Archer Armor
38:34 Chain Mail Armor
38:54 Iron Casting
38:24 Heavy Plow
39:06 Architecture
40:57 Ring Archer Armor
40:58 Plate Mail Armor
41:03 Iron Casting
42:09 Shipwright
43:13 Hoardings
42:43 Sappers
43:29 Capped Ram
44:28 Pikeman
45:09 Squires
44:29 Man-at-Arms
44:55 Arson
44:31 Eagle Warrior
45:29 Halberdier
48:45 Holcans
47:36 Elite Plumed Archer
47:40 Elite Eagle Warrior
47:41 Long Swordsman
48:39 Elite Skirmisher
48:41 Crossbowman
49:34 Devotion
49:30 Herbal Medicine
50:10 Theocracy
49:56 Heresy
49:56 Sanctity
50:38 Siege Ram
54:21 Onager
54:21 Heavy Scorpion
55:14 Two-Handed Swordsman
55:40 Arbalester
56:26 Thumb Ring
57:26 Blast Furnace
60:25 Keep
60:13 Faith
Connection lost

Rejoining the realm…

Still unreachable

The connection could not be restored.

Session expired

The server has moved on; the page needs a fresh start.